 Dungeon Crawl Stone Soup version 0.21.1-1-g345015f (webtiles) character file.

371 Draznyth the Skirmisher (level 6, 0/40 HPs)
             Began as a Gargoyle Fighter on Mar 15, 2018.
             Killed by divine providence
             ... invoked by an orc priest
              (14 damage)
             ... on level 3 of the Dungeon.
             The game lasted 00:04:45 (2899 turns).

Draznyth the Skirmisher (Gargoyle Fighter)          Turns: 2899, Time: 00:04:46

Health: 0/40       AC: 15    Str: 21    XL:     6   Next: 71%
Magic:  6/6        EV:  7    Int:  9    God:
Gold:   79         SH:  9    Dex:  9    Spells: 5/5 levels left

rFire    . . .     SeeInvis .   a - +0 war axe
rCold    . . .     Gourm    .   c - +0 shield
rNeg     + . .     Faith    .   b - +0 scale mail
rPois    ∞         Spirit   .   (no helmet)
rElec    +         Reflect  .   d - +0 cloak
rCorr    .         Harm     .   i - +2 pair of gloves
MR       .....                  (no boots)
Stlth    ..........             (no amulet)
HPRegen  0.13/turn              (no ring)
MPRegen  0.10/turn              (no ring)

@: no status effects
A: negative energy resistance 1, electricity resistance, unbreathing,
petrification resistance, rot immunity, AC +4
a: no special abilities


You were on level 3 of the Dungeon.
You were not hungry.

You visited 1 branch of the dungeon, and saw 3 of its levels.

You collected 79 gold pieces.

Inventory:

Hand Weapons
 a - a +0 war axe (weapon)
Missiles
 e - 114 stones (quivered)
 n - 28 arrows
 x - 6 sling bullets
Armour
 b - a +0 scale mail (worn)
 c - a +0 shield (worn)
 d - a +0 cloak (worn)
 i - a +2 pair of gloves (worn)
Jewellery
 g - an uncursed amulet of the gourmand {unknown}
 w - a cursed amulet of faith {unknown}
Wands
 y - a wand of polymorph (7)
Scrolls
 h - a scroll of enchant armour {unknown}
 j - 3 scrolls of enchant weapon {unknown}
 k - a scroll of amnesia {unknown}
 l - a scroll of blinking {unknown}
 m - 2 scrolls of remove curse {unknown}
 q - 2 scrolls of random uselessness {unknown}
 s - a scroll of teleportation {unknown}
 v - a scroll of identify {unknown}
Potions
 o - a potion of degeneration {unknown}
 p - 2 potions of berserk rage {unknown}
 r - a potion of cancellation {unknown}
 t - a potion of heal wounds {unknown}
 z - a potion of brilliance {unknown}
Comestibles
 f - 9 rations
 u - 13 chunks of flesh


   Skills:
 + Level 5.3 Fighting
 * Level 5.2 Axes
 - Level 3.2 Armour
 - Level 3.2 Shields


You had 5 spell levels left.
You didn't know any spells.

Dungeon Overview and Level Annotations

Branches:
Dungeon (3/15)

Altars:


Innate Abilities, Weirdness & Mutations

You are resistant to torment.
Your stone body is resilient. (AC +4)
You are immune to poison.
You resist negative energy. (rN+)
You are resistant to electric shocks. (rElec)
You can survive without breathing.
You are immune to petrification.
You are immune to rotting.


Message History

You block the orc's attack.
You slash the orc!
You kill the orc!
The orc priest calls down the wrath of Beogh upon you.
Beogh smites you!
You hit the orc.
The orc is almost dead.
The orc hits you but does no damage.
An orc comes into view. It is wielding a dagger.
You hit the orc.
You kill the orc!
The orc priest barely misses you.
You closely miss the orc priest. You block the orc priest's attack.
You hit the orc priest but do no damage.
The orc priest hits you but does no damage.
You hit the orc priest.
The orc priest is moderately wounded.
The orc priest mumbles some strange prayers to Beogh against you.
Beogh smites you!
You die...

####
#####.. #
#.....#
.#
#.....##
####..###
#.....##
#)@oo...#
#.....##
#.##.##.#
#.....##
#.# #
#####...
#.# #.##
#.#####.#
#...
#.......#
####
#######.#
# # .


You could see an orc priest and an orc.

Vanquished Creatures
  A crimson imp (D:2)
  2 jellies (D:2)
  An orc wizard (D:3)
  Jessica (D:2)
  Natasha (thrice) (D:2 D:3)
  4 adders (D:3)
  8 oozes (D:2)
  2 dart slugs
  3 leopard geckos
  3 orcs (D:3)
  A ball python (D:3)
  2 bats
  2 giant cockroaches
  8 goblins
  8 hobgoblins
  6 jackals
  A quokka (D:2)
  2 frilled lizards
  13 kobolds
  5 rats
76 creatures vanquished.

Vanquished Creatures (others)
  3 fungi (D:2)
  6 toadstools (D:2)
9 creatures vanquished.

Grand Total: 85 creatures vanquished

Notes
Turn   | Place    | Note
-------+----------+-------------------------------------------
     0 | D:1      | Draznyth the Gargoyle Fighter began the quest for the Orb.
     0 | D:1      | Reached XP level 1. HP: 14/14 MP: 1/1
   247 | D:1      | Reached XP level 2. HP: 18/19 MP: 2/2
  1076 | D:1      | Reached XP level 3. HP: 24/24 MP: 3/3
  1191 | D:2      | Noticed Natasha
  1200 | D:2      | Killed Natasha
  1525 | D:2      | Reached XP level 4. HP: 21/29 MP: 4/4
  1614 | D:2      | Noticed Jessica
  1624 | D:2      | Killed Jessica
  1793 | D:2      | Reached XP level 5. HP: 34/34 MP: 5/5
  2036 | D:2      | Reached XP level 6. HP: 31/40 MP: 6/6
  2597 | D:3      | Noticed Natasha
  2607 | D:3      | Killed Natasha
  2607 | D:3      | Reached skill level 5 in Fighting
  2637 | D:3      | Noticed Natasha
  2708 | D:3      | Killed Natasha
  2708 | D:3      | Reached skill level 5 in Axes
  2899 | D:3      | Killed from afar by an orc priest

Skill      XL: |  1  2  3  4  5  6 |
---------------+-------------------+-----
Axes           | 2 3 4 5 |  5.2
Fighting       | 4 5 |  5.3
Armour         | |  3.2
Shields        | |  3.2

Action                   |  1- 3 |  4- 6 || total
-------------------------+-------+-------++-------
Melee: War axe           |    83 |   170 ||   253
       Unarmed           |       |     3 ||     3
  Use: Potion            |     1 |       ||     1
  Eat: Chunk             |     1 |     6 ||     7
Armor: Scale mail        |    48 |   101 ||   149
Dodge: Dodged            |    23 |    54 ||    77
Block: Shield            |    44 |    79 ||   123
